 Dungeon Crawl Stone Soup version 0.31-a0-1272-g9f703e4c1d (webtiles) character file.

Game seed: 7553964493219633526

5172 Farzbarn the Blocker (level 10, -2/84 (91) HPs)
             Began as a Minotaur Fighter on Dec 17, 2023.
             Was a High Priest of Okawaru.
             Slain by a wight
             ... wielding a +0 morningstar
              (7 damage)
             ... on level 8 of the Dungeon.
             The game lasted 00:11:31 (7100 turns).

Farzbarn the Blocker (Minotaur Fighter)             Turns: 7100, Time: 00:11:32

HP:   -2/84 (91)    AC: 13    Str: 30    XL:     10   Next: 34%
MP:   9/9           EV: 18    Int:  5    God:    Okawaru [*****.]
Gold: 374           SH:  6    Dex: 11    Spells: 9/9 levels left

rFire   . . .        a - +3 war axe
rCold   . . .        c - +0 buckler
rNeg    . . .        b - +0 scale mail
rPois   .            (helmet restricted)
rElec   .            m - +1 cloak
rCorr   .            (no gloves)
SInv    .            o - +1 pair of boots
Will    .....        (no amulet) Stlth
                     j - +5 ring of evasion
HPRegen 0.34/turn    n - +6 ring of strength
MPRegen 0.11/turn

%: no passive effects
@: about to teleport, drained
A: horns 2, retaliatory headbutt
a: Renounce Religion, Heroism, Finesse, Duel


You were on level 8 of the Dungeon.
You worshipped Okawaru.
Okawaru was extremely pleased with you.
You visited 2 branches of the dungeon, and saw 9 of its levels.

You collected 374 gold pieces.

Inventory:

Hand Weapons
 a - a +3 war axe (weapon)
Armour
 b - a +0 scale mail (worn)
 c - a +0 buckler (worn)
 m - a +1 cloak (worn)
 o - a +1 pair of boots (worn)
Jewellery
 g - a +6 ring of intelligence
 j - a +5 ring of evasion (left hand)
 l - a ring of protection from cold
 n - a +6 ring of strength (right hand)
Wands
 q - a wand of roots (6)
 u - a wand of mindburst (19)
Scrolls
 e - 5 scrolls of teleportation
 p - 2 scrolls of immolation
 t - a scroll of revelation
 x - a scroll of identify
Potions
 d - 3 potions of might
 h - 3 potions of lignification
 i - 3 potions of haste
 k - 4 potions of curing
 r - a potion of cancellation
 s - a potion of invisibility
 v - a potion of enlightenment
 w - a potion of attraction


   Skills:
 + Level 9.1 Fighting
 + Level 8.5 Axes
 + Level 9.0 Armour
 + Level 7.4 Dodging
 + Level 9.1 Shields


You had 9 spell levels left.
You didn't know any spells.
Your spell library contained the following spells:

 Spells                   Type           Power      Damage    Failure   Level
 Apportation              Tloc           0%         N/A       73%         1
 Necrotise                Necr           0%         1d4       73%         1
 Jinxbite                 Hex            0%         N/A       86%         2
 Lesser Beckoning         Tloc           0%         N/A       86%         2
 Gell's Gravitas          Tloc           0%         N/A       97%         3
 Teleport Other           Tloc           0%         N/A       97%         3
 Vampiric Draining        Necr           0%         2d6       97%         3
 Agony                    Necr           0%         N/A       100%        5
 Alistair's Intoxication  Tmut/Pois      0%         N/A       100%        5


Dungeon Overview and Level Annotations

Branches:
Dungeon (8/15)             Temple (1/1) D:7
   Lair: D:8-11

Altars:
Ashenzari
Cheibriados
Gozag
Hepliaklqana
Makhleb
Okawaru
Qazlal
Trog
Uskayaw
Wu Jian
Xom
Zin
The Shining One


Innate Abilities, Weirdness & Mutations

You have a pair of horns on your head.
You reflexively headbutt those who attack you in melee.


Message History

The two-headed ogre hits you with a +0 giant spiked club!!
* * * LOW HITPOINT WARNING * * *
The two-headed ogre hits you with a +0 dire flail!!
* * * LOW HITPOINT WARNING * * *
You are too injured to fight recklessly!
Unknown command.
You are too injured to fight recklessly!
Unknown command.
You are too injured to fight recklessly!
Unknown command.
You are too injured to fight recklessly!
Unknown command.
Unknown command.
You are too injured to fight recklessly!
Unknown command.
You feel much better. You block the wight's attack.
The wight closely misses you. You furiously retaliate!
You headbutt the wight!
You destroy the wight!
Okawaru accepts your kill.
The wight hits you with a +0 morningstar!
* * * LOW HITPOINT WARNING * * *
You feel drained.
* * * LOW HITPOINT WARNING * * *
As you read the scroll of teleportation, it crumbles to dust.
You feel strangely unstable. The wight misses you. You furiously retaliate!
You headbutt the wight, but do no damage.
The wight hits you with a +0 morningstar!
* * * LOW HITPOINT WARNING * * *
You feel drained.
* * * LOW HITPOINT WARNING * * *
The two-headed ogre misses you. The two-headed ogre barely misses you.
Okay, then.
Unknown command.
Okay, then.
Unknown command.
You are no longer corroded.
The wight attacks as it pursues you! You block the wight's attack.
The wight attacks as it pursues you!
The wight hits you with a +0 morningstar!
You die...

....#.).....#...#.#.......[......
........#####.#.#.#..###....†....
##..##### #.#.#'#....#...†.....
.#..# #.)......#.#.########
.#..### #........#.#)# .#....##
#..........#<# .##.#..#
##.......##### .##.##.#
#...........# .##.##.#
##.@z.#≈.#.## .##'##.# #.z.~.≈.#
# .....#'# #..).O.≈.#
.....##≈≈≈≈≈##......≈[# .....#
≈....#.......≈.# .....#
≈.$..#.......≈.# ..####
≈....#.......≈## ###
#####.........# ###..##.#.#


You could see a two-headed ogre and 2 wights.

Vanquished Creatures
  A two-headed ogre (D:5)
  Jeremiah (D:7)
  A troll (D:7)
  Grinder (D:3)
  A wyvern (D:7)
  Menkaure (D:6)
  2 water moccasins
  3 ice beasts
  2 orc warriors (D:6)
  2 sky beasts
  5 centaurs
  A kobold brigand (D:7)
  3 bullfrogs
  A gnoll sergeant (D:6)
  5 scorpions
  7 wights
  5 killer bees (D:8)
  6 howler monkeys
  A crimson imp (D:3)
  2 orc priests
  3 jellies
  3 sleepcaps
  Crazy Yiuf (D:3)
  4 hounds
  2 iguanas
  5 orc wizards
  Terence (D:2)
  Natasha (twice) (D:3)
  Robin (D:4)
  11 gnolls
  6 adders
  4 white imps
  5 ufetubi (D:7)
  A worm (D:2)
  A dart slug (D:1)
  25 orcs
  A ball python (D:2)
  7 endoplasms
  2 giant cockroaches
  15 goblins
  8 hobgoblins
  3 kobolds
  4 quokkas
  11 bats
  A frilled lizard (D:3)
  3 rats
181 creatures vanquished.

Notes
Turn   | Place    | Note
-------+----------+-------------------------------------------
     0 | D:1      | Farzbarn the Minotaur Fighter began the quest for the Orb.
     0 | D:1      | Reached XP level 1. HP: 19/19 MP: 0/0
    95 | D:1      | Found a faded altar of an unknown god.
   304 | D:1      | Reached XP level 2. HP: 17/27 MP: 1/1
   623 | D:1      | Reached skill level 1 in Dodging
  1162 | D:2      | Reached XP level 3. HP: 29/33 MP: 2/2
  1163 | D:2      | Noticed Terence
  1178 | D:2      | Killed Terence
  1179 | D:2      | Reached XP level 4. HP: 19/40 MP: 3/3
  2013 | D:3      | Found an ornate altar of the Wu Jian Council.
  2070 | D:3      | Noticed Grinder
  2084 | D:3      | Paralysed by Grinder for 4 turns
  2089 | D:3      | Killed Grinder
  2090 | D:3      | Reached XP level 5. HP: 37/47 MP: 4/4
  2090 | D:3      | Reached XP level 6. HP: 44/55 MP: 5/5
  2239 | D:3      | Reached skill level 5 in Fighting
  2239 | D:3      | Reached skill level 5 in Armour
  2241 | D:3      | Reached skill level 5 in Shields
  2307 | D:3      | Noticed Natasha
  2317 | D:3      | Killed Natasha
  2537 | D:3      | Noticed Natasha
  2549 | D:3      | Killed Natasha
  2637 | D:3      | Found a shimmering altar of Xom.
  2643 | D:3      | Found a burning altar of Makhleb.
  2749 | D:3      | Found a runed translucent door.
  2750 | D:3      | Noticed Crazy Yiuf
  2759 | D:3      | Killed Crazy Yiuf
  2997 | D:4      | Reached XP level 7. HP: 61/61 MP: 6/6
  3029 | D:4      | Found an opulent altar of Gozag.
  3397 | D:4      | Found a broken altar of Ashenzari.
  3465 | D:4      | Found a snail-covered altar of Cheibriados.
  3530 | D:4      | Noticed Robin
  3539 | D:4      | Killed Robin
  3565 | D:5      | Entered Level 5 of the Dungeon
  3613 | D:5      | Found an iron altar of Okawaru.
  3627 | D:5      | Became a worshipper of Warmaster Okawaru
  3651 | D:5      | Noticed a two-headed ogre
  3661 | D:5      | Killed a two-headed ogre
  3661 | D:5      | Reached * piety under Okawaru
  3662 | D:5      | Reached skill level 5 in Axes
  3662 | D:5      | Reached XP level 8. HP: 46/71 MP: 7/7
  3751 | D:5      | Found a glowing silver altar of Zin.
  3894 | D:5      | Reached ** piety under Okawaru
  3922 | D:5      | Reached skill level 5 in Dodging
  4159 | D:5      | Found a glowing golden altar of the Shining One.
  4456 | D:6      | Reached *** piety under Okawaru
  4466 | D:6      | Reached XP level 9. HP: 69/79 MP: 8/8
  5121 | D:6      | Noticed Menkaure
  5128 | D:6      | Killed Menkaure
  5419 | D:7      | Found a hide-covered altar of Uskayaw.
  5426 | D:7      | Reached **** piety under Okawaru
  5626 | D:7      | Found a hazy altar of Hepliaklqana.
  5737 | D:7      | Noticed Jeremiah
  5799 | D:7      | Killed Jeremiah
  5952 | D:7      | Noticed a troll
  5975 | D:7      | Killed a troll
  6049 | D:7      | Reached XP level 10. HP: 74/90 MP: 9/9
  6190 | D:7      | Found a staircase to the Ecumenical Temple.
  6203 | Temple   | Entered the Ecumenical Temple
  6210 | D:7      | Found a bloodstained altar of Trog.
  6475 | D:7      | Found a stormy altar of Qazlal.
  6611 | D:7      | Reached ***** piety under Okawaru
  7084 | D:8      | Noticed a two-headed ogre
  7097 | D:8      | HP: 3/87 [two-headed ogre/+0 giant spiked club (18)]
  7100 | D:8      | Slain by a wight

Illustrated notes

Levels and vault maps discovered:
D:1:      dpeg_arrival_circle_labyrinth_c, layout_basic,
          shapermc_ecumenical_altar_flowoftime, minivault_14
D:2:      layout_basic, uniq_terence
D:3:      layout_loops_ring, grunt_temple_overflow_champion_of_chaos,
          pdpol_wu_jian_five_deadly_venoms, uniq_natasha,
          uniq_crazy_yiuf_cottage, uniq_grinder
D:4:      layout_rooms, cheibriados_altar_1, ashenzari_altar_1,
          mainiacjoe_overflow_small_starburst, serial_corexii_hall,
          corexii_hall_statues_i, corexii_hall_statues_x,
          chequers_hall_statues_corner_a, uniq_robin
D:5:      layout_basic, okawaru_trees_1, kennysheep_mini_moat,
          nicolae_tso_carved_into_rock
D:6:      layout_loops_ring, uniq_menkaure
D:7:      minmay_octagon_keep, layout_loops_corners,
          eat_drink_and_be_merry_uskayaw, mainiacjoe_overflow_alcove_4,
          mainiacjoe_overflow_six_doors_small, mainiacjoe_overflow_alcove_2,
          minmay_temple_entry_gardened_gates, chequers_serial_rivers_large_a,
          uniq_jeremiah
D:8:      layout_basic, palyth_temple_overflow_mages, serial_rivers,
          chequers_serial_rivers_micro_b, chequers_serial_rivers_micro_e,
          chequers_serial_rivers_room_b, chequers_serial_rivers_micro_a,
          chequers_serial_rivers_micro_a, chequers_serial_rivers_room_a,
          kennysheep_generic_room_11
Temple:   ebering_the_none_and_only

Skill      XL: |  1  2  3  4  5  6  7  8  9 10 |
---------------+-------------------------------+-----
Dodging        | 1 2 3 4 5 6 7 |  7.4
Fighting       | 4 5 6 7 8 9 |  9.1
Armour         | 4 5 6 7 8 9 |  9.0
Shields        | 4 5 6 7 8 9 |  9.1
Axes           | 3 4 5 6 8 |  8.5

Action                     |  1- 3 |  4- 6 |  7- 9 | 10-12 || total
---------------------------+-------+-------+-------+-------++-------
  Melee: War axe           |    45 |   114 |   212 |    63 ||   434
         Headbutt          |     8 |    28 |    38 |    13 ||    87
    Use: Scroll            |     3 |     5 |    11 |     1 ||    20
         Potion            |       |       |       |     1 ||     1
 Armour: Scale mail        |    36 |    77 |   110 |    49 ||   272
  Dodge: Dodged            |    20 |    48 |   181 |    93 ||   342
  Block: Buckler           |     8 |    22 |    73 |    27 ||   130

Table legend: (Time is in decaauts)
 A = Elapsed time spent in this place.
 B = Non-inter-level travel time spent in this place.
 C = Inter-level travel time spent in this place.
 D = Time resting spent in this place.
 E = Time spent auto-exploring this place.
 F = Levels seen in this place.
 G = Mean time per level.
                   A        B        C        D        E       F      G
               +--------+--------+--------+--------+--------+-----+--------+
         Total |   7216 |   7001 |    215 |    106 |   5725 |   9 |  801.8 |
       Dungeon |   7214 |   6999 |    215 |    106 |   5725 |   8 |  901.8 |
        Temple |      1 |      1 |      0 |      0 |      0 |   1 |    1.0 |
               +--------+--------+--------+--------+--------+-----+--------+

Top non-repeatable levels by time:
     D:7: 1384 daAuts
     D:3: 1200 daAuts
     D:1: 1139 daAuts
     D:6: 1036 daAuts
     D:5: 744 daAuts
     D:2: 643 daAuts
     D:4: 641 daAuts
     D:8: 425 daAuts
  Temple: 1 daAuts
